 Dungeon Crawl Stone Soup version 0.29.0-11-gd7f09526c8 (webtiles) character file.

Game seed: 17383795840736838456

23 pacmanke6689 the Conjurer (level 2, -2/9 HPs)
             Began as a Felid Conjurer on Sept 4, 2022.
             Succumbed to an adder's poison
             ... on level 2 of the Dungeon.
             The game lasted 00:03:39 (1238 turns).

pacmanke6689 the Conjurer (Felid Conjurer)          Turns: 1238, Time: 00:03:40

Health: -2/9       AC:  1    Str:  1    XL:     2   Next: 72%
Magic:  4/6        EV: 17    Int: 19    God:
Gold:   89         SH:  0    Dex: 14    Spells: 2/5 levels left
                                        Lives:  0   Deaths: 0

rFire   . . .      SeeInvis +   (weapon unavailable)
rCold   . . .      Faith    .   (shield unavailable)
rNeg    . . .      Spirit   .   (body armour unavailable)
rPois   .          Reflect  .   (helmet unavailable)
rElec   .          Harm     .   (cloak unavailable)
rCorr   .          Rampage  .   (gloves unavailable)
Will    .....      Clarity  +   (boots unavailable)
Stlth   ++........              (no amulet)
HPRegen 0.03/turn               (no ring)
MPRegen 0.10/turn               (no ring)

@: lethally poisoned (-2 -> -14), quick
A: very small, claws 1, fangs 3, see invisible, speed 1, shaggy fur 1, stealthy
paws, no weapons or thrown items, no armour, multi-lived, clarity, frail 1, weak
1
a: no special abilities


You were on level 2 of the Dungeon.
You visited 1 branch of the dungeon, and saw 2 of its levels.

You collected 89 gold pieces.

Inventory:

Scrolls
 b - 2 scrolls of teleportation {unknown}
 d - a scroll of fear {unknown}
Potions
 a - a potion of magic


   Skills:
 + Level 2.7 Dodging
 + Level 3.1 Stealth
 + Level 2.0 Spellcasting
 + Level 4.2 Conjurations


You had 2 spell levels left.
You knew the following spells:

 Your Spells              Type           Power      Damage    Failure   Level
a - Magic Dart            Conj           72%        1d6       3%          1
b - Searing Ray           Conj           36%        2d5       4%          2

Your spell library contained the following spells:

 Spells                   Type           Power      Damage    Failure   Level
 Dazzling Flash           Conj/Hex       20%        N/A       22%         3
 Fulminant Prism          Conj/Hex       5%         3d7       56%         4
 Iskenderun's Mystic Bla  Conj/Tloc      10%        2d4       56%         4


Dungeon Overview and Level Annotations

Branches:
Dungeon (2/15)

Altars:


Innate Abilities, Weirdness & Mutations

You have sharp claws.
You have razor-sharp teeth.
You have supernaturally acute eyesight. (SInv)
You cover ground quickly. (Speed+)
You are covered in fur. (AC +1)
Your paws help you pounce on unaware monsters.
You are incapable of wielding weapons or throwing items.
You cannot wear armour.
You gain extra lives every three experience levels.
You possess an exceptional clarity of mind.
You are frail. (-10% HP)
You are weak. (Str -2)


Message History

You kill the giant cockroach!
Done exploring.
Done exploring.
There is a stone staircase leading down here.
Memorise Searing Ray, consuming 2 spell levels and leaving 2?
You start memorising the spell.
You continue memorising. x2
You finish memorising.
Spell assigned to 'b'.
Done exploring.
You climb downwards.
Found a scroll labelled CAKHEOSOZE.
Found a stone staircase leading down.
There is a stone staircase leading up here.
d - a scroll labelled CAKHEOSOZE An adder comes into view.
The adder hisses angrily.
The adder bites you.
Casting: Magic Dart (safe; 3% risk of failure)
Confirm with . or Enter, or press ? or * to list all spells.
Aiming: Magic Dart (safe; 3% risk of failure)
Press: ? - help, Shift-Dir - straight line, f - adder
Aim: an adder (100% to hit)
The magic dart hits the adder.
The adder is lightly wounded.
The adder bites you. x2
You are lethally poisoned!
The adder poisons you!
Casting: Magic Dart (safe; 3% risk of failure)
Confirm with . or Enter, or press ? or * to list all spells.
Aiming: Magic Dart (safe; 3% risk of failure)
Press: ? - help, Shift-Dir - straight line, f/p - adder
Aim: an adder (lightly wounded, 100% to hit)
The magic dart hits the adder but does no damage.
The adder is lightly wounded.
* * * LOW HITPOINT WARNING * * *
You feel sick. The adder bites you.
* * * LOW HITPOINT WARNING * * *
You are more poisoned.
The adder poisons you!
It was a potion of mutation.
You feel extremely strange.
You feel weaker.
Your thoughts seem clearer.
You feel frail.
You die...

..#..######.##
....>..<.....#
..#..#######.#######
# #.......#
#.#####.# #.#
#######.# ........#
######.@# #..S.....#
#.######.# #. #. #.
#. ..


You could see an adder.

Vanquished Creatures
  6 ball pythons (D:1)
  4 bats (D:1)
  2 endoplasms (D:1)
  A giant cockroach (D:1)
  2 hobgoblins (D:1)
  A quokka (D:1)
  A goblin (D:1)
  A kobold (D:1)
  3 rats (D:1)
21 creatures vanquished.

Notes
Turn   | Place    | Note
-------+----------+-------------------------------------------
     0 | D:1      | pacmanke6689 the Felid Conjurer began the quest for the
                  | Orb.
     0 | D:1      | Reached XP level 1. HP: 7/7 MP: 4/4
   336 | D:1      | Reached skill level 4 in Conjurations
   339 | D:1      | Reached XP level 2. HP: 10/11 MP: 0/6
   558 | D:1      | Found a faded altar of an unknown god.
  1221 | D:1      | Learned a level 2 spell: Searing Ray
  1238 | D:2      | Gained mutation: You are weak. (Str -2) [potion of
                  | mutation]
  1238 | D:2      | Gained mutation: You possess an exceptional clarity of
                  | mind. [potion of mutation]
  1238 | D:2      | Gained mutation: You are frail. (-10% HP) [potion of
                  | mutation]
  1238 | D:2      | Succumbed to an adder's poison

Illustrated notes

Levels and vault maps discovered:
D:1:      lightli_arrival_statue_moat, layout_loops_ring,
          shapermc_ecumenical_altar_starsandcircs
D:2:      layout_loops_ring, serial_shops, shop_fountains, uniq_jessica,
          uniq_sigmund, uniq_robin, uniq_terence

Skill      XL: |  1  2 |
---------------+-------+-----
Conjurations   | 4 |  4.2
Stealth        | 3 |  3.1
Dodging        | |  2.7
Spellcasting   | |  2.0

Action                   || total
-------------------------++-------
Melee: Unarmed           ||     4
 Cast: Magic Dart        ||    29
  Use: Potion            ||     1
 Stab: Sleeping          ||     4
Dodge: Dodged            ||     4
